 Dungeon Crawl Stone Soup version 0.27-a0-13-g87abb2d9eb (webtiles) character file.

Game seed: 6446833103276290131

721 voltaire321 the Poker (level 7, -4/50 HPs)
             Began as a Merfolk Gladiator on Jan 2, 2021.
             Was an Initiate of Hepliaklqana.
             Killed by divine providence
             ... invoked by an orc priest
              (12 damage)
             ... on level 5 of the Dungeon.
             The game lasted 00:16:10 (4320 turns).

voltaire321 the Poker (Merfolk Gladiator)           Turns: 4320, Time: 00:16:11

Health: -4/50      AC:  6    Str: 15    XL:     7   Next: 71%
Magic:  7/7        EV: 20    Int:  7    God:    Hepliaklqana [......]
Gold:   250        SH:  0    Dex: 17    Spells: 6/6 levels left

rFire    . . .     SeeInvis +   a - +0 trident
rCold    . . .     Faith    .   (no shield)
rNeg     . . .     Spirit   .   b - +0 leather armour
rPois    .         Reflect  .   c - +1 helmet
rElec    .         Harm     .   B - +0 cloak
rCorr    .         Rampage  .   (no gloves)
Will     .....                  (no boots)
Stlth    +.........             (no amulet)
HPRegen  0.16/turn              j - ring of see invisible
MPRegen  0.10/turn              o - +4 ring of evasion

@: no status effects
A: change form in water, swift swim, stealthy swim, reduced essence
a: Renounce Religion, Recall Ancestor, Ancestor Identity


You were on level 5 of the Dungeon.
You worshipped Hepliaklqana.
Hepliaklqana was noncommittal.
You visited 2 branches of the dungeon, and saw 6 of its levels.

You collected 250 gold pieces.

Inventory:

Hand Weapons
 a - a +0 trident (weapon)
Missiles
 d - 3 throwing nets
 p - 9 boomerangs (quivered)
 w - 3 poisoned darts
 z - 6 javelins
Armour
 b - a +0 leather armour (worn)
 c - a +1 helmet (worn)
 B - a +0 cloak (worn)
Jewellery
 j - a ring of see invisible (left hand)
 k - the ring of the Median {*Contam +Fly rN+ Dex+2 SInv, unknown}
   (You found it on level 5 of the Dungeon)

   [ring of flight]

   It affects your dexterity (+2).
   It protects you from negative energy.
   It lets you see invisible.
   It lets you fly.
   It causes magical contamination when unequipped.
 o - a +4 ring of evasion (right hand)
 A - an uncursed amulet of magic regeneration
 E - an uncursed amulet of the acrobat {unknown}
Wands
 s - a wand of disintegration (13)
 D - a wand of paralysis (5)
Scrolls
 g - 2 scrolls of remove curse
 h - 2 scrolls of amnesia
 t - a scroll of blinking
Potions
 e - 4 potions of curing
 f - 2 potions of invisibility {unknown}
 i - 5 potions of heal wounds {unknown}
 l - a potion of cancellation {unknown}
 m - a potion of attraction {unknown}
 n - a potion of mutation {unknown}
 q - a potion of resistance
 r - a potion of degeneration {unknown}
 u - a potion of brilliance
 v - a potion of lignification {unknown}
 x - a potion of might {unknown}


   Skills:
 + Level 5.0 Fighting
 + Level 7.4 Polearms
 + Level 4.4 Throwing
 + Level 6.6 Dodging


You had 6 spell levels left.
You didn't know any spells.
Your spell library was empty.

Dungeon Overview and Level Annotations

Branches:
Dungeon (5/15)             Temple (1/1) D:4

Altars:
Dithmenos
Elyvilon
Hepliaklqana
Makhleb
Okawaru
Qazlal
Ru
Trog
Wu Jian
The Shining One

Annotations:
D:5 Duvessa


Message History

You kill the quokka!
You see here a quokka corpse.
You open the door.
An orc priest comes into view. It is wielding a +0 dagger.
Found 19 bolts and a pink potion.
The orc priest mumbles some strange prayers to Beogh against you.
Pain shoots through your body!
* * * LOW HITPOINT WARNING * * *
You close the door.
You feel a little less clever now.
Something unseen opens the door.
You are too injured to fight recklessly!
You hit the orc priest but do no damage.
The orc priest closely misses you.
You hit the orc priest.
The orc priest is heavily wounded.
Yayatum hits the orc priest.
The orc priest calls down the wrath of Beogh upon you.
Beogh smites you!
You die...

+#........##
..........#
......!..#
........#
.(..... ....
########o#
.......@R#
...(.....#
.......†.#
.........#
##.##...##
###.##...#######
...............#
........(......#
...............#


You could see the friendly Yayatum the ancestor and an orc priest.

Vanquished Creatures
  Menkaure (D:4)
  An ogre (D:4)
  Dowan (D:5)
  A howler monkey (D:4)
  2 orc priests
  A bullfrog skeleton (D:3)
  Natasha (thrice) (D:2)
  A worker ant (D:4)
  Robin (D:2)
  8 adders
  An ooze (D:2)
  3 worms (D:3)
  2 dart slugs
  3 leopard geckos
  26 orcs
  8 bats
  4 giant cockroaches
  10 goblins
  13 hobgoblins
  5 jackals
  5 quokkas
  A ball python (D:2)
  A ball python skeleton (D:4)
  8 frilled lizards
  7 kobolds
  2 leopard gecko skeletons (D:4)
  10 rats
129 creatures vanquished.

Vanquished Creatures (others)
  An ancestor (D:5)
1 creature vanquished.

Grand Total: 130 creatures vanquished

Notes
Turn   | Place    | Note
-------+----------+-------------------------------------------
     0 | D:1      | voltaire321 the Merfolk Gladiator began the quest for the
                  | Orb.
     0 | D:1      | Reached XP level 1. HP: 16/16 MP: 1/1
   118 | D:1      | Reached XP level 2. HP: 15/23 MP: 2/2
   425 | D:1      | You fall into a shaft and drop 1 floor!
   590 | D:1      | Reached XP level 3. HP: 27/28 MP: 3/3
  1158 | D:2      | Reached skill level 5 in Polearms
  1388 | D:2      | Noticed Robin
  1405 | D:2      | Reached XP level 4. HP: 29/34 MP: 4/4
  1524 | D:2      | Killed Robin
  1808 | D:2      | Noticed Natasha
  1821 | D:2      | Killed Natasha
  1822 | D:2      | Reached skill level 5 in Dodging
  1822 | D:2      | Reached XP level 5. HP: 14/41 MP: 5/5
  2094 | D:2      | Noticed Natasha
  2101 | D:2      | Killed Natasha
  2166 | D:2      | Noticed Natasha
  2174 | D:2      | Killed Natasha
  2522 | D:3      | Found an iron altar of Okawaru.
  2578 | D:3      | Reached skill level 6 in Polearms
  2584 | D:3      | Reached XP level 6. HP: 33/48 MP: 6/6
  2950 | D:3      | Found an iron altar of Okawaru.
  3626 | D:4      | Reached XP level 7. HP: 55/55 MP: 7/7
  3872 | D:4      | Reached skill level 7 in Polearms
  4058 | D:4      | Found a staircase to the Ecumenical Temple.
  4058 | D:4      | Noticed Menkaure
  4069 | D:4      | Killed Menkaure
  4169 | Temple   | Entered the Ecumenical Temple
  4216 | Temple   | Became a worshipper of Hepliaklqana the Forgotten
  4245 | D:5      | Entered Level 5 of the Dungeon
  4250 | D:5      | Noticed Duvessa
  4250 | D:5      | Noticed Dowan
  4274 | D:5      | Killed Dowan
  4275 | D:5      | Reached skill level 5 in Fighting
  4296 | D:5      | Got a brightly glowing bronze ring
  4320 | D:5      | Killed from afar by an orc priest

Illustrated notes

Levels and vault maps discovered:
D:1:      minmay_arrival_doors, layout_loops_ring, hangedman_glass_teeth
D:2:      layout_loops_cross, minivault_5, kennysheep_boxes, uniq_robin,
          uniq_natasha
D:3:      layout_rooms, lemuel_round_altar, okawaru_trees_2
D:4:      minmay_razor_zed, layout_rooms, minmay_temple_entry_poolview,
          uniq_menkaure
D:5:      corexii_shack_village, layout_gridville, uniq_duvessa
Temple:   eino_temple_scatter_basement

Skill      XL: |  1  2  3  4  5  6  7 |
---------------+----------------------+-----
Polearms       | 5 6 7 |  7.4
Fighting       | 3 4 5 |  5.0
Throwing       | 3 4 |  4.4
Dodging        | 5 6 |  6.6

Action                   |  1- 3 |  4- 6 |  7- 9 || total
-------------------------+-------+-------+-------++-------
Melee: Trident           |   121 |   245 |    61 ||   427
Throw: Boomerang         |       |    18 |    11 ||    29
  Use: Scroll            |       |     7 |     3 ||    10
       Potion            |       |       |     2 ||     2
 Stab: Sleeping          |     3 |     3 |       ||     6
       Distracted        |     1 |       |       ||     1
Armor: Leather armour    |    31 |    31 |     5 ||    67
Dodge: Dodged            |    68 |   173 |    51 ||   292

Table legend: (Time is in decaauts)
 A = Elapsed time spent in this place.
 B = Non-inter-level travel time spent in this place.
 C = Inter-level travel time spent in this place.
 D = Time resting spent in this place.
 E = Time spent auto-exploring this place.
 F = Levels seen in this place.
 G = Mean time per level.
                   A        B        C        D        E       F      G
               +--------+--------+--------+--------+--------+-----+--------+
         Total |   4315 |   4236 |     79 |   1047 |   1802 |   6 |  719.2 |
       Dungeon |   4252 |   4173 |     79 |   1047 |   1759 |   5 |  850.4 |
        Temple |     62 |     62 |      0 |      0 |     43 |   1 |   62.0 |
               +--------+--------+--------+--------+--------+-----+--------+

Top non-repeatable levels by time:
     D:3: 1192 daAuts
     D:1: 1145 daAuts
     D:2: 1087 daAuts
     D:4: 754 daAuts
     D:5: 72 daAuts
  Temple: 62 daAuts
